 Dungeon Crawl Stone Soup version 0.19-a0-682-g708bd0e (webtiles) character file.

2585 AlphabetPasta the Covert (level 9, -1/66 HPs)
             Began as a Vampire Wanderer on June 17, 2016.
             Was an Initiate of Dithmenos.
             Slain by a killer bee (7 damage)
             ... on level 6 of the Dungeon.
             The game lasted 00:37:21 (9285 turns).

AlphabetPasta the Covert (Vampire Wanderer)         Turns: 9285, Time: 00:37:21

Health: -1/66      AC:  6    Str: 10    XL:     9   Next: 32%
Magic:  10/10      EV: 16    Int: 15    God:    Dithmenos [......]
Gold:   229        SH:  0    Dex: 17    Spells: 0 memorised, 10 levels left

rFire  . . .     SeeInvis +     b - +2 quarterstaff
rCold  + + +     Gourm    .     f - +1 robe {MR+}
rNeg   + + +     Faith    .     (shield currently unavailable)
rPois  +         Spirit   .     (no helmet)
rElec  .         Dismiss  .     (no cloak)
rCorr  .         Reflect  .     g - +1 pair of gloves
SustAt .         Harm     .     u - +0 pair of boots
MR     +....                    (no amulet)
Stlth  +++++++...               x - ring of stealth
                                n - ring of protection from cold

@: regenerating slowly, somewhat resistant to hostile enchantments, extremely
stealthy
A: fangs 3, see invisible, unbreathing
a: Bat Form, Renounce Religion


You were on level 6 of the Dungeon.
You worshipped Dithmenos.
Dithmenos was noncommittal.
You were near bloodless.

You visited 2 branches of the dungeon, and saw 8 of its levels.

You collected 283 gold pieces.
You spent 54 gold pieces at shops.

Inventory:

Hand Weapons
 a - a +1 dagger
 b - a +2 quarterstaff (weapon)
Missiles
 k - 4 tomahawks of returning (quivered)
Armour
 c - a +0 robe
 f - a +1 robe of magic resistance (worn)
 g - a +1 pair of gloves (worn)
 u - a +0 pair of boots (worn)
 w - a +0 buckler
Jewellery
 n - a ring of protection from cold (left hand)
 r - an uncursed ring of sustain attributes
 s - a +5 ring of intelligence
 x - a ring of stealth (right hand)
Wands
 v - a wand of confusion (14/48)
Scrolls
 d - 6 scrolls of teleportation
 h - a scroll of blinking
 i - 2 scrolls of identify
 m - 2 scrolls of magic mapping
 p - 3 scrolls of remove curse
Potions
 e - 13 potions of blood
 j - a potion of might
 l - a potion of flight
 o - a potion of cancellation
 t - a potion of mutation {unknown}


   Skills:
 + Level 4.5 Fighting
 * Level 7.3 Short Blades
 - Level 1.5 Staves
 + Level 3.1 Throwing
 + Level 6.0 Dodging
 * Level 10.5 Stealth
 - Level 1.0 Spellcasting
   Level 2.1 Transmutations
 + Level 1.2 Invocations
 + Level 0.3 Evocations


You had 10 spell levels left.
You didn't know any spells.

Dungeon Overview and Level Annotations

Branches:
Dungeon (7/15)             Temple (1/1) D:6

Altars:
Ashenzari
Dithmenos
Fedhas
Gozag
Hepliaklqana
Nemelex Xobeh
Okawaru
Pakellas
Qazlal
Ru
Sif Muna
Uskayaw
Vehumet
Xom
Zin

Shops:
D:4 [

Annotations:
D:5 Magifyre's ghost, amateur DESu


Innate Abilities, Weirdness & Mutations

You heal slowly.
You have razor-sharp teeth.
You have supernaturally acute eyesight. (SInv)
You can survive without breathing.


Message History

The killer bee stings you but does no damage.
The killer bee barely misses you. The killer bee stings you.
* * * LOW HITPOINT WARNING * * *
You barely miss the killer bee. Your bite misses the killer bee.
The killer bee is severely wounded.
The killer bee completely misses you. The killer bee barely misses you.
You hit the killer bee but do no damage.
The killer bee is severely wounded.
The killer bee closely misses you. The killer bee barely misses you.
You closely miss the killer bee. Your bite misses the killer bee.
The killer bee is severely wounded.
The killer bee barely misses you. x2; The killer bee closely misses you.
You miss the killer bee. Your bite misses the killer bee.
The killer bee is severely wounded.
The killer bee completely misses you. The killer bee closely misses you.
You barely miss the killer bee.
The killer bee is severely wounded.
The killer bee stings you but does no damage.
The killer bee misses you. The killer bee stings you!
You die...

#.# #.###### #.8.>.8.........#
#.# #....).# #..⌠.⌠..#.#####.#
#.# ####.#.# #.8.8.8...# #.# ##.#
####.#.####.........# #.# ...#
#....#..>.....##...## #.#
#######.#######...#####..# ##.#
#[<......#.....#.###.#.# #...
#.######.#.###y##.#.##.# #..#
###.# ####.#.# #@###.###.# #..#
....###......# #.........# #..#
##.........### ###.....### #...
#.####.##.## ##.......## ##.#.
##.####.#...####.........####....
...............+.........'.......
##.####.#>..####.........####....
##.........## ##.......## ##.#.
##..###....# ##.....## ###.


You could see a killer bee.

Vanquished Creatures
  Grinder (D:4)
  Sigmund (D:4)
  Edmund (D:4)
  An orc warrior (D:6)
  A necrophage (D:6)
  2 ice beasts
  7 ogres
  A giant frog (D:6)
  A gnoll sergeant (D:6)
  A scorpion (D:5)
  3 killer bees
  2 jellies
  3 hounds
  A giant frog skeleton (D:4)
  5 orc wizards
  Terence (D:2)
  2 iguanas (D:4)
  3 worker ants (D:5)
  2 hound zombies (D:3)
  2 hound skeletons
  2 howler monkey zombies (D:3)
  3 worker ant zombies (D:3)
  9 gnolls
  10 adders
  A shadow imp (D:5)
  2 oozes (D:3)
  4 worms
  A dart slug (D:3)
  4 giant geckos
  20 orcs
  6 giant cockroaches
  4 goblins
  7 hobgoblins
  6 jackals
  9 kobolds
  2 quokkas
  2 ball pythons
  6 bats
  2 giant gecko skeletons (D:3)
  A giant gecko zombie (D:6)
  5 giant newts
  A jackal zombie (D:3)
  A quokka zombie (D:6)
  5 rats
154 creatures vanquished.

Notes
Turn   | Place    | Note
--------------------------------------------------------------
     0 | D:1      | AlphabetPasta the Vampire Wanderer began the quest for the Orb.
     0 | D:1      | AlphabetPasta set off with: a +2 quarterstaff, 2 scrolls of teleportation, a +0 robe, a +0 dagger, a potion of blood
     0 | D:1      | Reached XP level 1. HP: 15/15 MP: 2/2
   358 | D:1      | Reached XP level 2. HP: 21/21 MP: 3/3
   955 | D:2      | Reached skill level 5 in Stealth
   955 | D:2      | Reached XP level 3. HP: 7/26 MP: 4/4
  1112 | D:2      | Noticed Terence
  1293 | D:2      | Killed Terence
  1293 | D:2      | Reached skill level 1 in Short Blades
  1674 | D:2      | Reached XP level 4. HP: 33/33 MP: 5/5
  2061 | D:3      | Reached XP level 5. HP: 17/38 MP: 6/6
  2390 | D:3      | Reached skill level 6 in Stealth
  3510 | D:3      | Reached XP level 6. HP: 15/46 MP: 7/7
  4143 | D:4      | Reached skill level 1 in Throwing
  4157 | D:4      | Found Senauqoa's Armour Boutique.
  4163 | D:4      | Bought a +0 pair of gloves for 54 gold pieces
  4608 | D:4      | Reached skill level 7 in Stealth
  4657 | D:4      | Reached XP level 7. HP: 51/51 MP: 8/8
  4721 | D:4      | Noticed Sigmund
  4733 | D:4      | Killed Sigmund
  4815 | D:4      | Noticed Grinder
  4841 | D:4      | Killed Grinder
  4841 | D:4      | Reached skill level 5 in Short Blades
  4841 | D:4      | Reached skill level 8 in Stealth
  5036 | D:4      | Reached XP level 8. HP: 50/58 MP: 9/9
  5166 | D:4      | Noticed Edmund
  5169 | D:4      | Killed Edmund
  5237 | D:5      | Entered Level 5 of the Dungeon
  5401 | D:5      | Noticed Magifyre's ghost (amateur DESu)
  5588 | D:4      | Reached skill level 9 in Stealth
  5792 | D:5      | Reached skill level 5 in Dodging
  7272 | D:6      | Found a staircase to the Ecumenical Temple.
  7283 | Temple   | Entered the Ecumenical Temple
  7323 | Temple   | Became a worshipper of Dithmenos the Shadowed
  7599 | D:6      | Found a shimmering altar of Xom.
  7715 | D:6      | Reached skill level 10 in Stealth
  7715 | D:6      | Reached XP level 9. HP: 38/65 MP: 10/10
  8387 | D:6      | Reached skill level 1 in Invocations
  9285 | D:6      | Slain by a killer bee

Vault maps used:
D:1:      dpeg_arrival_concentric_ovals, minmay_misc_feat_columns
D:2:      uniq_terence
D:3:      serial_undead, serial_undead_f, serial_undead_c, serial_undead_e,
          serial_undead_b, serial_undead_a, serial_undead_d, serial_undead_a,
          serial_undead_f, serial_undead_d, serial_undead_d
D:4:      serial_shops, shop, uniq_sigmund, uniq_edmund, uniq_grinder
D:5:      first_bread, hangedman_decor_lopped
D:6:      old_standard_altar, minmay_temple_entry_statues_fountains
Temple:   minmay_temple_curvy_14

Skill      XL: |  1  2  3  4  5  6  7  8  9 |
---------------+----------------------------+-----
Dodging        | 2 3 4 5 6 |  6.0
Stealth        | 5 6 7 8 10 | 10.5
Short Blades   | 1 2 3 4 5 6 7 |  7.3
Fighting       | 2 3 4 |  4.5
Throwing       | 1 2 3 |  3.1
Invocations    | 1 |  1.2
Staves         | |  1.5
Spellcasting   | |  1.0
Transmutations | |  2.1
Evocations     | |  0.3

Action                   |  1- 3 |  4- 6 |  7- 9 || total
-------------------------+-------+-------+-------++-------
Melee: Quarterstaff      |    74 |   187 |   157 ||   418
       Bite              |     3 |    19 |    24 ||    46
       Dagger            |       |    14 |   103 ||   117
Throw: Throwing net      |       |     1 |     4 ||     5
       Tomahawk          |       |       |    17 ||    17
 Abil: End Transformatio |       |       |     1 ||     1
       Bat Form          |       |       |     1 ||     1
Evoke: Wand              |       |       |     3 ||     3
  Use: Potion            |     3 |     8 |     8 ||    19
       Scroll            |       |     9 |     3 ||    12
 Stab: Sleeping          |     4 |    11 |    21 ||    36
       Held in net/web   |       |       |     1 ||     1
       Distracted        |       |       |     1 ||     1
       Confused          |       |       |     1 ||     1
Armor: Robe              |    10 |    21 |    39 ||    70
Dodge: Dodged            |    53 |   128 |   210 ||   391
